 Dungeon Crawl Stone Soup version 0.20-a0-1078-g4874019 (webtiles) character file.

2739 FastMan the Cleaver (level 9, 0/88 HPs)
             Began as a Gargoyle Fighter on May 1, 2017.
             Was an Elder of Okawaru.
             Slain by a yak (2 damage)
             ... on level 7 of the Dungeon.
             The game lasted 00:06:11 (6748 turns).

FastMan the Cleaver (Gargoyle Fighter)              Turns: 6748, Time: 00:06:12

Health: 0/88       AC: 24    Str: 22    XL:     9   Next: 68%
Magic:  7/9        EV:  2    Int:  9    God:    Okawaru [****..]
Gold:   453        SH:  0    Dex:  8    Spells: 8/8 levels left

rFire    . . .     SeeInvis .   a - +3 battleaxe (curse)
rCold    . . .     Gourm    .   (shield currently unavailable)
rNeg     + + +     Faith    +   (armour currently unavailable)
rPois    ∞         Spirit   .   (helmet currently unavailable)
rElec    .         Reflect  .   (cloak currently unavailable)
rCorr    .         Harm     .   (gloves currently unavailable)
MR       .....     Clarity  +   (boots currently unavailable) Stlth ++........NoTele +
                                q - amulet of faith
Regen    0.3/turn               (no ring)
MPRegen  0.2/turn               (no ring)

@: tree-form, heroism
A: clarity, clumsy 1, negative energy resistance 1, screaming 1, petrification
resistance, rot immunity, AC +5
a: Heroism, Renounce Religion


You were on level 7 of the Dungeon.
You worshipped Okawaru.
Okawaru was greatly pleased with you.
You were hungry.
You were a tree.
You visited 2 branches of the dungeon, and saw 8 of its levels.

You collected 453 gold pieces.

Inventory:

Hand Weapons
 a - a cursed +3 battleaxe (weapon)
 b - a +1 hand axe of flaming
 s - a +0 war axe
Armour
 c - a +0 shield
 v - a +0 pair of gloves (melded)
 w - a +0 cloak (melded)
 B - a +0 plate armour (melded)
Jewellery
 q - an amulet of faith (around neck)
Scrolls
 h - a scroll of identify {@r1}
 i - 2 scrolls of teleportation {@r3}
 m - a scroll of brand weapon {unknown}
 p - a scroll of enchant armour {unknown}
 r - 2 scrolls of immolation {unknown}
 t - 5 scrolls of remove curse {@r2}
 z - a scroll of magic mapping {unknown}
Potions
 d - a potion of might {@q4}
 e - a potion of brilliance {@q6}
 j - 3 potions of cancellation {unknown}
 l - a potion of mutation
 n - 3 potions of curing {@q1}
 u - a potion of degeneration
 x - a potion of lignification
 A - a potion of flight
 C - a potion of heal wounds {unknown}
Comestibles
 f - 4 bread rations {@e1}
 g - 5 fruits {@e4}
 k - 5 meat rations {@e2}
 o - 6 royal jellies {@e3}


   Skills:
 - Level 7.9(12.9) Fighting
 * Level 10.4(15.4) Axes
 - Level 3.2(8.2) Armour
 - Level 3.2(8.2) Shields


You had 8 spell levels left.
You didn't know any spells.

Dungeon Overview and Level Annotations

Branches:
Dungeon (7/15)             Temple (1/1) D:4

Altars:
Ashenzari
Cheibriados
Dithmenos
Elyvilon
Fedhas
Hepliaklqana
Kikubaaqudgha
Nemelex Xobeh
Okawaru
Qazlal
Ru
Sif Muna
Uskayaw
Vehumet
Wu Jian
Xom
Yredelemnul
Zin
The Shining One

Shops:
D:5 :


Innate Abilities, Weirdness & Mutations

You are resistant to torment.
((Your stone body is resilient. (AC +5)))
You are immune to poison.
You resist negative energy. (rN+)
((You are resistant to electric shocks. (rElec)))
((You can survive without breathing.))
You are immune to petrification.
You are immune to rotting.
((You have a pair of small antennae on your head.))
You possess an exceptional clarity of mind.
You are clumsy. (Dex -2)
You occasionally shout uncontrollably at your foes.


Message History

The yak is severely wounded.
You hit the yak. You barely miss the yak. The yak gores you.
* * * LOW HITPOINT WARNING * * *
The yak gores you but does no damage.
You barely miss the yak.
The yak is severely wounded.
You slash the yak! x2; The yak gores you.
* * * LOW HITPOINT WARNING * * *
The gnoll hits you from afar with a halberd!
* * * LOW HITPOINT WARNING * * *
The yak barely misses you. x2
You barely miss the yak.
The yak is severely wounded.
You slice the yak!!
You kill the yak!
Okawaru accepts your kill.
You completely miss the yak. The yak gores you.
* * * LOW HITPOINT WARNING * * *
The gnoll hits you but does no damage. The yak gores you.
You die...

#.....#####..
##.......#....
######...#.........
####.........#.....# .
.<..).......)....# ..
#....######...)..## ...
##....#
##..).g.########....
###...#
##.................
##...#
#....♣Y(...).[.....
#...........Y....)†.....?
.......#...###..........
#..######..##...........
#...............
##............:.
#..............
...............
..###..........


You could see 2 yaks and a gnoll.

Vanquished Creatures
  Pikel (D:6)
  3 yaks (D:7)
  4 orc warriors
  A slave (D:6)
  2 ogres
  A big kobold (D:3)
  3 scorpions
  5 wights (D:6)
  A howler monkey (D:7)
  A hound (D:6)
  2 bullfrog skeletons
  4 orc priests
  A jelly (D:6)
  Natasha (thrice) (D:4)
  An iguana (D:4)
  6 orc wizards
  3 worker ants
  A howler monkey zombie (D:6)
  A worker ant zombie (D:7)
  5 gnolls
  9 adders
  3 shadow imps
  An ooze (D:1)
  4 worms
  3 dart slugs
  2 leopard geckos
  16 orcs
  2 ball pythons (D:3)
  6 giant cockroaches
  12 goblins
  6 hobgoblins
  5 jackals
  A quokka (D:4)
  10 bats
  3 frilled lizards
  13 kobolds
  A leopard gecko skeleton (D:5)
  A quokka skeleton (D:4)
  11 rats
158 creatures vanquished.

Vanquished Creatures (others)
  2 slaves (D:6)
  An orc wizard (D:6)
  An adder (D:6)
  2 orcs (D:6)
6 creatures vanquished.

Grand Total: 164 creatures vanquished

Notes
Turn   | Place    | Note
-------+----------+-------------------------------------------
     0 | D:1      | FastMan the Gargoyle Fighter began the quest for the Orb.
     0 | D:1      | Reached XP level 1. HP: 14/14 MP: 1/1
    46 | D:1      | Reached skill level 2 in Axes
   260 | D:1      | Reached XP level 2. HP: 17/19 MP: 2/2
   626 | D:1      | Reached XP level 3. HP: 23/24 MP: 3/3
  1010 | D:2      | Reached skill level 3 in Axes
  1028 | D:2      | Reached XP level 4. HP: 24/29 MP: 4/4
  1584 | D:2      | Reached XP level 5. HP: 30/34 MP: 5/5
  1856 | D:2      | Reached skill level 4 in Axes
  2379 | D:3      | Noticed a big kobold
  2389 | D:3      | Killed a big kobold
  2389 | D:3      | Reached skill level 5 in Fighting
  2389 | D:3      | Reached XP level 6. HP: 40/40 MP: 6/6
  2436 | D:3      | Found a stormy altar of Qazlal.
  2658 | D:3      | Found a shattered altar of Ashenzari.
  2733 | D:3      | Gained mutation: You occasionally shout uncontrollably at your foes. [potion of mutation]
  2733 | D:3      | Gained mutation: You have a pair of small antennae on your head. [potion of mutation]
  2733 | D:3      | Gained mutation: You are clumsy. (Dex -2) [potion of mutation]
  2733 | D:3      | Gained mutation: You possess an exceptional clarity of mind. [potion of mutation]
  2735 | D:3      | Reached skill level 5 in Axes
  2904 | D:4      | Noticed Natasha
  2917 | D:4      | Killed Natasha
  3020 | D:4      | Reached XP level 7. HP: 43/44 MP: 7/7
  3346 | D:4      | Found a staircase to the Ecumenical Temple.
  3393 | D:4      | Noticed Natasha
  3398 | D:4      | Killed Natasha
  3404 | D:4      | Noticed Natasha
  3409 | D:4      | Killed Natasha
  3489 | Temple   | Entered the Ecumenical Temple
  3613 | Temple   | Became a worshipper of Warmaster Okawaru
  3883 | D:4      | Reached skill level 6 in Axes
  4005 | D:5      | Entered Level 5 of the Dungeon
  4351 | D:5      | Found a sacrificial altar of Ru.
  4702 | D:5      | Found Peypt's Book Shop.
  4810 | D:5      | Reached * piety under Okawaru
  4810 | D:5      | Reached XP level 8. HP: 50/51 MP: 8/8
  5041 | D:6      | Noticed Pikel
  5063 | D:6      | Killed Pikel
  5063 | D:6      | Reached ** piety under Okawaru
  5063 | D:6      | Reached skill level 7 in Axes
  5155 | D:6      | Reached skill level 8 in Axes
  5350 | D:6      | Reached *** piety under Okawaru
  5350 | D:6      | Reached XP level 9. HP: 36/57 MP: 6/9
  5729 | D:6      | Reached skill level 9 in Axes
  6736 | D:7      | Reached **** piety under Okawaru
  6736 | D:7      | Reached skill level 10 in Axes
  6748 | D:7      | HP: 2/88 [yak (6)]
  6748 | D:7      | Slain by a yak

Vault maps used:
D:1:      lightli_arrival_maybe_door_vault
D:2:      kennysheep_six_static_rooms, kennysheep_generic_room_6
D:3:      nicolae_overflow_crystal_walls, marbit_many_paths
D:4:      temple_hall, first_bread, kennysheep_diamond, wad_floor_pattern_1,
          uniq_natasha
D:5:      nicolae_ru_sacrificial_ziggurat, serial_shops, shop
D:6:      uniq_pikel
Temple:   kb_temple_of_zot

Skill      XL: |  1  2  3  4  5  6  7  8  9 |
---------------+----------------------------+-----
Axes           | 2 3 4 5 6 8 10 | 10.4
Fighting       | 4 5 6 7 |  7.9
Armour         | |  3.2
Shields        | |  3.2

Action                   |  1- 3 |  4- 6 |  7- 9 || total
-------------------------+-------+-------+-------++-------
Melee: War axe           |    95 |   212 |   199 ||   506
       Hand axe          |       |       |     5 ||     5
       Battleaxe         |       |       |    39 ||    39
Invok: Heroism           |       |       |     8 ||     8
  Use: Potion            |       |     2 |     4 ||     6
       Scroll            |       |       |    12 ||    12
  Eat: Chunk             |       |     7 |     7 ||    14
       Meat ration       |       |       |     1 ||     1
Armor: Scale mail        |    66 |   124 |    66 ||   256
       Plate armour      |       |       |   109 ||   109
       Skin              |       |       |     2 ||     2
Dodge: Dodged            |    32 |    70 |    75 ||   177
Block: Shield            |    65 |    95 |   126 ||   286
